ONTARIO Reign vs SAN JOSE Barracuda

Created - 14 janvier 2019 at 16:20

Goals
1 2 3 OT1 SO T
ONTARIO Reign 2 0 0 0 0 2
SAN JOSE Barracuda 1 0 1 0 1 3
Shots
1 2 3 OT1 SO T
ONTARIO Reign 10 10 4 0 3 24
SAN JOSE Barracuda 8 10 8 2 3 28

1st period

1. ONTARIO Reign , Oscar Lindberg 11 (Chris VandeVelde 15, Rasmus Andersson 9) at 1:09 (PP)
2. SAN JOSE Barracuda , Adam Pelech 5 (Zach Aston-Reese 9, Andrew Mangiapane 7) at 1:20
3. ONTARIO Reign , Valentin Zykov 5 (TJ Brennan 4, Marcus Pettersson 12) at 17:47 (PP)

Penalties :
Scott Harrington (sjs) for Hooking (Minor) at 0:09, Matt Tennyson (sjs) for Goalie Interference (Minor) at 5:04, Brian Lashoff (lak) for Hooking (Minor) at 14:57, Zach Trotman (sjs) for Hooking (Minor) at 16:58

2nd period

No Goal

Penalties :
Valentin Zykov (lak) for Roughing (Minor) at 0:16, Zach Trotman (sjs) for Hooking (Minor) at 9:42, Drake Caggiula (sjs) for Tripping (Minor) at 17:03

3rd period

4. SAN JOSE Barracuda , Mathieu Joseph 7 (Adam Pelech 13, Danny O'Regan 4) at 6:31

Penalties :
Christian Djoos (sjs) for High sticking (Minor) at 8:22, Matt Tennyson (sjs) for Roughing (Minor) at 18:11

Overtime #1

No Goal

Penalties :
Zach Trotman (sjs) for Hooking (Minor) at 4:15

Shootout

ONTARIO Reign, Oscar Lindberg - Shot Misses the Net
SAN JOSE Barracuda, Drake Caggiula - Stopped by Malcolm Subban
ONTARIO Reign, Tomas Nosek - Stopped by Alex Stalock
SAN JOSE Barracuda, Evan Rodrigues - Stopped by Malcolm Subban
ONTARIO Reign, Nic Petan - Stopped by Alex Stalock
SAN JOSE Barracuda, Barclay Goodrow - Goal!

Penalties :
No Penalty

Goalie Stats

Malcolm Subban (lak), 26 saves from 28 shots - (0,929), OTL, 19-11-2, 65:00 minutes
Alex Stalock (sjs), 22 saves from 24 shots - (0,917), W, 22-6-1, 65:00 minutes

Players Stats for ONTARIO Reign

Player Name              G  A  P  +/- PIM S  H  SB GA TA FO     MP     PP MP  PK MP  
------------------------------------------------------------------------------------
Alexander Nylander       0  0  0   0  0   2  0  0  0  0  1/1     6:22   0:00   0:00 
Brian Lashoff            0  0  0  -2  2   1  1  3  0  0  0/0    13:16   0:00   0:00 
Chase Balisy             0  0  0  -1  0   2  1  0  0  0  1/2    13:17   0:53   0:00 
Chris Kelly              0  0  0   0  0   0  1  0  0  0  0/1    22:11   6:04   1:46 
Chris VandeVelde         0  1  1  -1  0   2  1  0  0  0  0/0    17:26   4:08   0:00 
Christian Jaros          0  0  0  -2  0   0  1  0  0  0  0/0    15:56   1:55   0:00 
Jack Rodewald            0  0  0  -1  0   1  1  0  0  0  0/0    14:55   0:39   0:26 
Jacob Larsson            0  0  0   0  0   0  1  1  0  0  0/0     7:22   0:58   0:17 
Juho Lammikko            0  0  0   0  0   0  0  0  0  0  4/10    6:22   0:00   0:00 
Kyle Wood                0  0  0   0  0   0  2  1  0  0  0/0    23:29   3:34   2:09 
Marcus Pettersson        0  1  1   0  0   1  1  1  0  0  0/0    22:46   6:47   1:49 
Nic Petan                0  0  0  -1  0   2  0  0  0  0  3/5    21:27   4:36   1:46 
Oscar Lindberg           1  0  1  -1  0   2  2  2  0  0  9/28   27:09   4:36   2:02 
Rasmus Andersson         0  1  1   0  0   0  0  1  0  0  0/0    23:07   3:34   2:09 
Sam Carrick              0  0  0  -1  0   4  1  0  0  0  5/10   15:09   1:40   0:00 
TJ Brennan               0  1  1   0  0   0  2  2  0  0  0/0    23:49   6:18   1:32 
Tomas Nosek              0  0  0   0  0   2  1  0  0  0  10/21  23:19   6:18   1:56 
Valentin Zykov           1  0  1   0  2   5  1  0  0  0  1/1    18:38   5:45   0:00 

Players Stats for SAN JOSE Barracuda

Player Name              G  A  P  +/- PIM S  H  SB GA TA FO     MP     PP MP  PK MP  
------------------------------------------------------------------------------------
Adam Pelech              1  1  2   2  0   3  0  1  0  0  0/0    25:59   1:25   5:56 
Andrew Mangiapane        0  1  1   1  0   2  4  0  0  0  1/1    15:12   0:00   0:08 
Barclay Goodrow          0  0  0   0  0   2  2  0  0  0  1/1    21:52   1:37   3:38 
Brandon Pirri            0  0  0   1  0   2  1  0  0  0  5/15   16:42   1:45   0:00 
Christian Djoos          0  0  0   0  2   1  2  0  0  0  0/0    23:22   2:30   4:13 
Danny O'Regan            0  1  1   1  0   2  0  0  0  0  5/9    12:53   2:13   3:52 
Drake Caggiula           0  0  0   0  2   2  4  0  0  0  22/37  24:17   1:45   6:06 
Evan Rodrigues           0  0  0   0  0   4  1  0  0  0  2/2    24:57   1:45   6:45 
Kerby Rychel             0  0  0   0  0   1  0  0  0  0  0/0    10:51   0:36   0:00 
Kevin Roy                0  0  0   1  0   1  0  0  0  0  0/0     6:05   0:00   1:14 
Mathieu Joseph           1  0  1   1  0   2  0  0  0  0  2/2     6:57   2:13   0:00 
Matt Tennyson            0  0  0   0  4   1  3  2  0  0  0/0    22:30   2:30   3:22 
Oliver Kylington         0  0  0   0  0   1  1  3  0  0  0/0    17:11   0:00   3:55 
Reid Boucher             0  0  0   0  0   2  1  1  0  0  1/2    13:23   0:00   3:08 
Scott Harrington         0  0  0   2  2   0  0  1  0  0  0/0    25:43   1:28   5:38 
Tage Thompson            0  0  0   0  0   0  0  0  0  0  6/10   10:15   0:00   0:00 
Zach Aston-Reese         0  1  1   1  0   2  3  0  0  0  0/0    14:57   0:00   0:00 
Zach Trotman             0  0  0   0  6   0  1  0  0  0  0/0    14:18   0:03   1:02 

3 Stars

1 - Adam Pelech (sjs)
2 - Andrew Mangiapane (sjs)
3 - Mathieu Joseph (sjs)

Power Play

ONTARIO Reign - 2 on 8 Attempt(s) - 25,00%
SAN JOSE Barracuda - 0 on 2 Attempt(s) - 0,00%

Penalty Kill

ONTARIO Reign - 2 on 2 Attempt(s) - 100,00% - Score 0 goal in Penalty Kill
SAN JOSE Barracuda - 6 on 8 Attempt(s) - 75,00% - Score 0 goal in Penalty Kill

Team Stat

ONTARIO Reign - Hits : 17 - Faceoff Wins : 34 - Blocked Shots : 11 - Penalty Minutes : 4
SAN JOSE Barracuda - Hits : 23 - Faceoff Wins : 45 - Blocked Shots : 8 - Penalty Minutes : 16

Official

Referees : Unknown
Linesman : Unknown

Game Notes

No Game Note

ONTARIO Reign

5 vs 5 Forward 
   Center                   Left Wing                Right Wing               Time % Phy DF OF 
 1 Oscar Lindberg           Nic Petan                Chris VandeVelde         40     1   2  2  
 2 Tomas Nosek              Chris Kelly              Valentin Zykov           30     1   2  2  
 3 Sam Carrick              Chase Balisy             Jack Rodewald            20     1   2  2  
 4 Juho Lammikko            Alexander Nylander       Oscar Lindberg           10     1   2  2  

5 vs 5 Defense 
   Defense                  Defense                                           Time % Phy DF OF 
 1 TJ Brennan               Marcus Pettersson                                 40     1   2  2  
 2 Kyle Wood                Rasmus Andersson                                  30     1   2  2  
 3 Christian Jaros          Brian Lashoff                                     20     1   2  2  
 4 Jacob Larsson            TJ Brennan                                        10     1   2  2  

PowerPlay Forward 
   Center                   Left Wing                Right Wing               Time % Phy DF OF 
 1 Oscar Lindberg           Nic Petan                Chris VandeVelde         60     1   2  2  
 2 Tomas Nosek              Chris Kelly              Valentin Zykov           40     1   2  2  

PowerPlay Defense
   Defense                  Defense                                           Time % Phy DF OF 
 1 TJ Brennan               Marcus Pettersson                                 60     1   2  2  
 2 Kyle Wood                Rasmus Andersson                                  40     1   2  2  

Penalty Kill 4 Players Forward 
   Center                   Wing                     Time % Phy DF OF 
 1 Oscar Lindberg           Tomas Nosek              60     1   2  2  
 2 Nic Petan                Chris Kelly              40     1   2  2  

Penalty Kill 4 Players Defense
   Defense                  Defense                  Time % Phy DF OF 
 1 TJ Brennan               Marcus Pettersson        60     1   2  2  
 2 Kyle Wood                Rasmus Andersson         40     1   2  2  

Penalty Kill - 3 Players Forward 
   Forward                                           Time % Phy DF OF 
 1 Oscar Lindberg                                    60     1   2  2  
 2 Tomas Nosek                                       40     1   2  2  

Penalty Kill - 3 Players Defense
   Defense                  Defense                  Time % Phy DF OF 
 1 TJ Brennan               Marcus Pettersson        60     1   2  2  
 2 Kyle Wood                Rasmus Andersson         40     1   2  2  

4 vs 4 Forward 
   Center                   Wing                     Time % Phy DF OF 
 1 Oscar Lindberg           Tomas Nosek              60     1   2  2  
 2 Nic Petan                Chris Kelly              40     1   2  2  

4 vs 4 Defense
   Defense                  Defense                  Time % Phy DF OF 
 1 TJ Brennan               Marcus Pettersson        60     1   2  2  
 2 Kyle Wood                Rasmus Andersson         40     1   2  2  

Last Minutes Offensive
   Center                   Left Wing                Right Wing               Defense                  Defense                  
   Oscar Lindberg           Nic Petan                Chris VandeVelde         TJ Brennan               Marcus Pettersson        

Last Minutes Defensive
   Center                   Left Wing                Right Wing               Defense                  Defense                  
   Oscar Lindberg           Nic Petan                Chris VandeVelde         TJ Brennan               Marcus Pettersson        

Goaltenders
Starting : Malcolm Subban           
Backup : Jeremy Smith             

Extra Forwards
Normal : Sam Carrick, Chase Balisy, Jack Rodewald - PP : Sam Carrick, Chase Balisy - PK : Jack Rodewald
Extra Defensemen
Normal : Christian Jaros, Brian Lashoff, Jacob Larsson - PP : Christian Jaros - PK : Brian Lashoff, Jacob Larsson
Penalty Shots
Oscar Lindberg, Tomas Nosek, Nic Petan, Chris Kelly, Chris VandeVelde

SAN JOSE Barracuda

5 vs 5 Forward 
   Center                   Left Wing                Right Wing               Time % Phy DF OF 
 1 Drake Caggiula           Evan Rodrigues           Barclay Goodrow          40     1   2  2  
 2 Brandon Pirri            Andrew Mangiapane        Zach Aston-Reese         30     1   2  2  
 3 Tage Thompson            Reid Boucher             Kerby Rychel             20     1   2  2  
 4 Danny O'Regan            Kevin Roy                Mathieu Joseph           10     1   2  2  

5 vs 5 Defense 
   Defense                  Defense                                           Time % Phy DF OF 
 1 Adam Pelech              Scott Harrington                                  40     1   2  2  
 2 Christian Djoos          Matt Tennyson                                     30     1   2  2  
 3 Zach Trotman             Oliver Kylington                                  20     1   2  2  
 4 Adam Pelech              Scott Harrington                                  10     1   2  2  

PowerPlay Forward 
   Center                   Left Wing                Right Wing               Time % Phy DF OF 
 1 Drake Caggiula           Evan Rodrigues           Brandon Pirri            60     1   2  2  
 2 Danny O'Regan            Barclay Goodrow          Mathieu Joseph           40     1   2  2  

PowerPlay Defense
   Defense                  Defense                                           Time % Phy DF OF 
 1 Adam Pelech              Scott Harrington                                  60     1   2  2  
 2 Christian Djoos          Matt Tennyson                                     40     1   2  2  

Penalty Kill 4 Players Forward 
   Center                   Wing                     Time % Phy DF OF 
 1 Drake Caggiula           Evan Rodrigues           60     1   2  2  
 2 Barclay Goodrow          Danny O'Regan            40     1   2  2  

Penalty Kill 4 Players Defense
   Defense                  Defense                  Time % Phy DF OF 
 1 Adam Pelech              Scott Harrington         60     1   2  2  
 2 Christian Djoos          Matt Tennyson            40     1   2  2  

Penalty Kill - 3 Players Forward 
   Forward                                           Time % Phy DF OF 
 1 Drake Caggiula                                    60     1   2  2  
 2 Evan Rodrigues                                    40     1   2  2  

Penalty Kill - 3 Players Defense
   Defense                  Defense                  Time % Phy DF OF 
 1 Adam Pelech              Scott Harrington         60     1   2  2  
 2 Christian Djoos          Matt Tennyson            40     1   2  2  

4 vs 4 Forward 
   Center                   Wing                     Time % Phy DF OF 
 1 Drake Caggiula           Evan Rodrigues           60     1   2  2  
 2 Barclay Goodrow          Danny O'Regan            40     1   2  2  

4 vs 4 Defense
   Defense                  Defense                  Time % Phy DF OF 
 1 Adam Pelech              Scott Harrington         60     1   2  2  
 2 Christian Djoos          Matt Tennyson            40     1   2  2  

Last Minutes Offensive
   Center                   Left Wing                Right Wing               Defense                  Defense                  
   Drake Caggiula           Evan Rodrigues           Barclay Goodrow          Adam Pelech              Scott Harrington         

Last Minutes Defensive
   Center                   Left Wing                Right Wing               Defense                  Defense                  
   Drake Caggiula           Evan Rodrigues           Barclay Goodrow          Adam Pelech              Scott Harrington         

Goaltenders
Starting : Alex Stalock             
Backup : Ville Husso              

Extra Forwards
Normal : Kevin Roy, Andrew Mangiapane, Reid Boucher - PP : Kerby Rychel, Andrew Mangiapane - PK : Reid Boucher
Extra Defensemen
Normal : Zach Trotman, Oliver Kylington, Christian Djoos - PP : Zach Trotman - PK : Oliver Kylington, Christian Djoos
Penalty Shots
Drake Caggiula, Evan Rodrigues, Barclay Goodrow, Danny O'Regan, Kerby Rychel


% Time on Ice - ONTARIO Reign

Lines # - Real PCT - Wanted PCT - Time Play
Normal Forward
1 - 31% - 40% - 13:38
2 - 29% - 30% - 12:54
3 - 26% - 20% - 11:35
4 - 14% - 10% - 6:22
Normal Defense
1 - 27% - 40% - 11:59
2 - 35% - 30% - 15:46
3 - 28% - 20% - 12:39
4 - 9% - 10% - 4:05
PP Forward
1 - 40% - 60% - 4:36
2 - 60% - 40% - 6:57
PP Defense
1 - 69% - 60% - 7:59
2 - 31% - 40% - 3:34
PK Forward
1 - 55% - 60% - 2:12
2 - 45% - 40% - 1:46
PK Defense
1 - 46% - 60% - 1:49
2 - 54% - 40% - 2:09
PK3 Forward
1 - 0% - 60%
2 - 0% - 40%
PK3 Defense
1 - 0% - 60%
2 - 0% - 40%
44 Forward
1 - 71% - 60% - 3:33
2 - 29% - 40% - 1:27
44 Defense
1 - 56% - 60% - 2:49
2 - 44% - 40% - 2:11
Last Minute Offensive  - 0:00
Last Minute Defensive  - 0:00
Total
Forward - 65:00
Defense - 65:00

% Time on Ice - SAN JOSE Barracuda

Lines # - Real PCT - Wanted PCT - Time Play
Normal Forward
1 - 33% - 40% - 14:33
2 - 34% - 30% - 14:57
3 - 23% - 20% - 10:15
4 - 11% - 10% - 4:44
Normal Defense
1 - 38% - 40% - 16:44
2 - 33% - 30% - 14:36
3 - 30% - 20% - 13:09
4 - 0% - 10% - 0:00
PP Forward
1 - 44% - 60% - 1:45
2 - 56% - 40% - 2:13
PP Defense
1 - 37% - 60% - 1:28
2 - 63% - 40% - 2:30
PK Forward
1 - 69% - 60% - 7:55
2 - 31% - 40% - 3:38
PK Defense
1 - 49% - 60% - 5:40
2 - 51% - 40% - 5:53
PK3 Forward
1 - 100% - 60% - 0:55
2 - 0% - 40% - 0:00
PK3 Defense
1 - 89% - 60% - 0:49
2 - 11% - 40% - 0:06
44 Forward
1 - 49% - 60% - 2:01
2 - 51% - 40% - 2:04
44 Defense
1 - 49% - 60% - 2:01
2 - 51% - 40% - 2:04
Last Minute Offensive  - 0:00
Last Minute Defensive  - 0:00
Total
Forward - 65:00
Defense - 65:00

Play-by-Play

1st period


0:01 of 1st period - Drake Caggiula wins face-off versus Oscar Lindberg in neutral zone.
0:09 of 1st period - Minor Penalty to Scott Harrington for Hooking.
0:10 of 1st period - Valentin Zykov wins face-off versus Drake Caggiula in SAN JOSE Barracuda zone.
0:26 of 1st period - Shot by Chris Kelly.
0:26 of 1st period - Shot Blocked by Matt Tennyson.
0:44 of 1st period - Shot by Valentin Zykov.
0:44 of 1st period - Stopped by Alex Stalock with a rebound.
0:46 of 1st period - Shot by Tomas Nosek.
0:46 of 1st period - Shot Misses the Net.
1:09 of 1st period - Shot by Chris VandeVelde.
1:09 of 1st period - Deflect By Oscar Lindberg.
1:09 of 1st period - Goal by Oscar Lindberg - ONTARIO Reign : 1 - SAN JOSE Barracuda : 0.
1:10 of 1st period - Sam Carrick wins face-off versus Brandon Pirri in neutral zone.
1:18 of 1st period - Shot by Zach Aston-Reese.
1:18 of 1st period - Shot Misses the Net.
1:20 of 1st period - Shot by Adam Pelech.
1:20 of 1st period - Goal by Adam Pelech - ONTARIO Reign : 1 - SAN JOSE Barracuda : 1.
1:21 of 1st period - Oscar Lindberg wins face-off versus Tage Thompson in neutral zone.
1:42 of 1st period - Shot by Nic Petan.
1:42 of 1st period - Shot Misses the Net.
1:48 of 1st period - Nic Petan is hit by Reid Boucher and loses puck.
2:21 of 1st period - Shot by Brandon Pirri.
2:21 of 1st period - Shot Misses the Net.
2:23 of 1st period - Shot by Adam Pelech.
2:23 of 1st period - Shot Misses the Net.
2:44 of 1st period - Icing by Oscar Lindberg.
2:45 of 1st period - Oscar Lindberg wins face-off versus Drake Caggiula in ONTARIO Reign zone.
3:48 of 1st period - Shot by Mathieu Joseph.
3:48 of 1st period - Shot Misses the Net.
4:03 of 1st period - Danny O'Regan is hit by Kyle Wood and loses puck.
4:23 of 1st period - Shot by Zach Aston-Reese.
4:23 of 1st period - Stopped by Malcolm Subban without a rebound.
4:24 of 1st period - Tage Thompson wins face-off versus Tomas Nosek in ONTARIO Reign zone.
4:25 of 1st period - Shot by Reid Boucher.
4:25 of 1st period - Stopped by Malcolm Subban without a rebound.
4:26 of 1st period - Tomas Nosek wins face-off versus Brandon Pirri in ONTARIO Reign zone.
4:26 of 1st period - Tomas Nosek is hit by Andrew Mangiapane.
4:53 of 1st period - Shot by Andrew Mangiapane.
4:53 of 1st period - Stopped by Malcolm Subban without a rebound.
4:54 of 1st period - Drake Caggiula wins face-off versus Sam Carrick in ONTARIO Reign zone.
4:55 of 1st period - Shot by Barclay Goodrow.
4:55 of 1st period - Deflect By Drake Caggiula.
4:55 of 1st period - Shot Misses the Net.
5:00 of 1st period - Sam Carrick is hit by Drake Caggiula and loses puck.
5:04 of 1st period - Minor Penalty to Matt Tennyson for Goalie Interference.
5:05 of 1st period - Tomas Nosek wins face-off versus Drake Caggiula in SAN JOSE Barracuda zone.
5:45 of 1st period - Shot by Drake Caggiula.
5:45 of 1st period - Shot Misses the Net.
5:47 of 1st period - Shot by Adam Pelech.
5:47 of 1st period - Stopped by Malcolm Subban without a rebound.
5:48 of 1st period - Drake Caggiula wins face-off versus Sam Carrick in ONTARIO Reign zone.
7:42 of 1st period - Icing by Christian Jaros.
7:43 of 1st period - Brandon Pirri wins face-off versus Juho Lammikko in ONTARIO Reign zone.
8:58 of 1st period - Shot by Drake Caggiula.
8:58 of 1st period - Deflect By Barclay Goodrow.
8:58 of 1st period - Shot Blocked by Jacob Larsson.
9:06 of 1st period - Shot by Drake Caggiula.
9:06 of 1st period - Stopped by Malcolm Subban without a rebound.
9:07 of 1st period - Tage Thompson wins face-off versus Oscar Lindberg in ONTARIO Reign zone.
9:38 of 1st period - Shot by Reid Boucher.
9:38 of 1st period - Deflect By Kerby Rychel.
9:38 of 1st period - Stopped by Malcolm Subban without a rebound.
9:39 of 1st period - Drake Caggiula wins face-off versus Oscar Lindberg in ONTARIO Reign zone.
9:43 of 1st period - Icing by Jacob Larsson.
9:44 of 1st period - Drake Caggiula wins face-off versus Oscar Lindberg in ONTARIO Reign zone.
9:44 of 1st period - Drake Caggiula is hit by Jacob Larsson.
10:03 of 1st period - Icing by Jacob Larsson.
10:04 of 1st period - Oscar Lindberg wins face-off versus Brandon Pirri in ONTARIO Reign zone.
10:04 of 1st period - Oscar Lindberg is hit by Zach Aston-Reese.
10:10 of 1st period - Jacob Larsson is hit by Brandon Pirri and loses puck.
10:35 of 1st period - Icing by Marcus Pettersson.
10:36 of 1st period - Drake Caggiula wins face-off versus Oscar Lindberg in ONTARIO Reign zone.
10:36 of 1st period - Drake Caggiula is hit by Marcus Pettersson.
10:44 of 1st period - Shot by Evan Rodrigues.
10:44 of 1st period - Stopped by Malcolm Subban with a rebound.
10:47 of 1st period - Icing by Jacob Larsson.
10:48 of 1st period - Nic Petan wins face-off versus Danny O'Regan in ONTARIO Reign zone.
10:53 of 1st period - Christian Djoos is hit by Oscar Lindberg and loses puck.
11:28 of 1st period - Shot by Chris Kelly.
11:28 of 1st period - Shot Misses the Net.
11:30 of 1st period - Shot by Valentin Zykov.
11:30 of 1st period - Stopped by Alex Stalock without a rebound.
11:31 of 1st period - Chase Balisy wins face-off versus Drake Caggiula in SAN JOSE Barracuda zone.
11:44 of 1st period - Shot by Evan Rodrigues.
11:44 of 1st period - Shot Blocked by Rasmus Andersson.
12:06 of 1st period - Shot by Sam Carrick.
12:06 of 1st period - Stopped by Alex Stalock with a rebound.
12:12 of 1st period - Jack Rodewald is hit by Drake Caggiula and loses puck.
12:30 of 1st period - Off-side.
12:31 of 1st period - Tage Thompson wins face-off versus Tomas Nosek in neutral zone.
12:37 of 1st period - Kerby Rychel is hit by Christian Jaros and loses puck.
13:01 of 1st period - Chris Kelly is hit by Matt Tennyson and loses puck.
13:06 of 1st period - Shot by Tomas Nosek.
13:06 of 1st period - Stopped by Alex Stalock without a rebound.
13:07 of 1st period - Brandon Pirri wins face-off versus Juho Lammikko in SAN JOSE Barracuda zone.
13:14 of 1st period - Shot by Brandon Pirri.
13:14 of 1st period - Shot Blocked by TJ Brennan.
13:20 of 1st period - Shot by Oscar Lindberg.
13:20 of 1st period - Shot Misses the Net.
13:22 of 1st period - Shot by Alexander Nylander.
13:22 of 1st period - Stopped by Alex Stalock without a rebound.
13:23 of 1st period - Drake Caggiula wins face-off versus Nic Petan in SAN JOSE Barracuda zone.
14:20 of 1st period - Shot by Jack Rodewald.
14:20 of 1st period - Shot Misses the Net.
14:22 of 1st period - Shot by Jack Rodewald.
14:22 of 1st period - Shot Misses the Net.
14:32 of 1st period - Shot by Sam Carrick.
14:32 of 1st period - Deflect By Chase Balisy.
14:32 of 1st period - Shot Misses the Net.
14:34 of 1st period - Shot by Chase Balisy.
14:34 of 1st period - Stopped by Alex Stalock without a rebound.
14:35 of 1st period - Tomas Nosek wins face-off versus Brandon Pirri in SAN JOSE Barracuda zone.
14:35 of 1st period - Chris Kelly is hit by Christian Djoos and loses puck.
14:57 of 1st period - Minor Penalty to Brian Lashoff for Hooking.
14:58 of 1st period - Danny O'Regan wins face-off versus Oscar Lindberg in ONTARIO Reign zone.
16:07 of 1st period - Shot by Nic Petan.
16:07 of 1st period - Stopped by Alex Stalock without a rebound.
16:08 of 1st period - Danny O'Regan wins face-off versus Oscar Lindberg in SAN JOSE Barracuda zone.
16:35 of 1st period - Shot by Danny O'Regan.
16:35 of 1st period - Shot Misses the Net.
16:58 of 1st period - Minor Penalty to Zach Trotman for Hooking.
16:59 of 1st period - Drake Caggiula wins face-off versus Oscar Lindberg in SAN JOSE Barracuda zone.
17:20 of 1st period - Shot by Chris VandeVelde.
17:20 of 1st period - Stopped by Alex Stalock without a rebound.
17:21 of 1st period - Drake Caggiula wins face-off versus Tomas Nosek in SAN JOSE Barracuda zone.
17:34 of 1st period - Adam Pelech is hit by Chris Kelly and loses puck.
17:39 of 1st period - Shot by Tomas Nosek.
17:39 of 1st period - Deflect By Valentin Zykov.
17:39 of 1st period - Shot Misses the Net.
17:47 of 1st period - Shot by Valentin Zykov.
17:47 of 1st period - Goal by Valentin Zykov - ONTARIO Reign : 2 - SAN JOSE Barracuda : 1.
17:48 of 1st period - Brandon Pirri wins face-off versus Chase Balisy in neutral zone.
17:48 of 1st period - Oliver Kylington is hit by Chase Balisy.
18:02 of 1st period - Shot by Chase Balisy.
18:02 of 1st period - Shot Blocked by Oliver Kylington.
19:46 of 1st period - Adam Pelech is hit by TJ Brennan and loses puck.
19:54 of 1st period - Icing by TJ Brennan.
19:55 of 1st period - Tomas Nosek wins face-off versus Drake Caggiula in ONTARIO Reign zone.
19:55 of 1st period - TJ Brennan is hit by Barclay Goodrow.
Goals for this period are 2 for ONTARIO Reign vs 1 for SAN JOSE Barracuda.
Shots for this period are 10 for ONTARIO Reign vs 8 for SAN JOSE Barracuda.

2nd period


0:01 of 2nd period - Tomas Nosek wins face-off versus Drake Caggiula in neutral zone.
0:16 of 2nd period - Minor Penalty to Valentin Zykov for Roughing.
0:17 of 2nd period - Oscar Lindberg wins face-off versus Drake Caggiula in ONTARIO Reign zone.
0:32 of 2nd period - Shot by Evan Rodrigues.
0:32 of 2nd period - Shot Misses the Net.
0:46 of 2nd period - Shot by Christian Djoos.
0:46 of 2nd period - Stopped by Malcolm Subban without a rebound.
0:47 of 2nd period - Oscar Lindberg wins face-off versus Danny O'Regan in ONTARIO Reign zone.
2:13 of 2nd period - Shot by Adam Pelech.
2:13 of 2nd period - Shot Misses the Net.
2:15 of 2nd period - Shot by Adam Pelech.
2:15 of 2nd period - Shot Misses the Net.
2:21 of 2nd period - Shot by Jack Rodewald.
2:21 of 2nd period - Stopped by Alex Stalock with a rebound.
2:23 of 2nd period - Shot by Brian Lashoff.
2:23 of 2nd period - Stopped by Alex Stalock without a rebound.
2:24 of 2nd period - Tage Thompson wins face-off versus Sam Carrick in SAN JOSE Barracuda zone.
2:28 of 2nd period - Zach Trotman is hit by Jack Rodewald and loses puck.
2:32 of 2nd period - Marcus Pettersson is hit by Oliver Kylington.
2:34 of 2nd period - Shot by Chase Balisy.
2:34 of 2nd period - Shot Misses the Net.
2:36 of 2nd period - Shot by Sam Carrick.
2:36 of 2nd period - Stopped by Alex Stalock without a rebound.
2:37 of 2nd period - Juho Lammikko wins face-off versus Brandon Pirri in SAN JOSE Barracuda zone.
2:40 of 2nd period - Shot by Alexander Nylander.
2:40 of 2nd period - Stopped by Alex Stalock without a rebound.
2:41 of 2nd period - Sam Carrick wins face-off versus Tage Thompson in SAN JOSE Barracuda zone.
2:49 of 2nd period - Reid Boucher is hit by Sam Carrick and loses puck.
3:34 of 2nd period - Shot by Evan Rodrigues.
3:34 of 2nd period - Stopped by Malcolm Subban with a rebound.
3:36 of 2nd period - Shot by Barclay Goodrow.
3:36 of 2nd period - Shot Misses the Net.
4:09 of 2nd period - Icing by Christian Djoos.
4:10 of 2nd period - Drake Caggiula wins face-off versus Chris Kelly in SAN JOSE Barracuda zone.
5:34 of 2nd period - Shot by Oscar Lindberg.
5:34 of 2nd period - Stopped by Alex Stalock without a rebound.
5:35 of 2nd period - Mathieu Joseph wins face-off versus Juho Lammikko in SAN JOSE Barracuda zone.
5:42 of 2nd period - Shot by Kevin Roy.
5:42 of 2nd period - Stopped by Malcolm Subban without a rebound.
5:43 of 2nd period - Drake Caggiula wins face-off versus Juho Lammikko in ONTARIO Reign zone.
5:43 of 2nd period - Scott Harrington is hit by TJ Brennan and loses puck.
5:46 of 2nd period - Shot by Adam Pelech.
5:46 of 2nd period - Stopped by Malcolm Subban with a rebound.
5:48 of 2nd period - Shot by Adam Pelech.
5:48 of 2nd period - Shot Blocked by TJ Brennan.
6:14 of 2nd period - Shot by Drake Caggiula.
6:14 of 2nd period - Shot Blocked by Oscar Lindberg.
6:16 of 2nd period - Shot by Barclay Goodrow.
6:16 of 2nd period - Stopped by Malcolm Subban without a rebound.
6:17 of 2nd period - Oscar Lindberg wins face-off versus Brandon Pirri in ONTARIO Reign zone.
6:17 of 2nd period - Oscar Lindberg is hit by Zach Aston-Reese.
6:20 of 2nd period - Chris VandeVelde is hit by Zach Aston-Reese and loses puck.
6:43 of 2nd period - Matt Tennyson is hit by Brian Lashoff.
7:20 of 2nd period - Shot by Valentin Zykov.
7:20 of 2nd period - Deflect By Tomas Nosek.
7:20 of 2nd period - Shot Misses the Net.
7:36 of 2nd period - Icing by Kyle Wood.
7:37 of 2nd period - Tomas Nosek wins face-off versus Drake Caggiula in ONTARIO Reign zone.
7:42 of 2nd period - Shot by Drake Caggiula.
7:42 of 2nd period - Shot Misses the Net.
8:30 of 2nd period - Shot by Chase Balisy.
8:30 of 2nd period - Shot Misses the Net.
8:54 of 2nd period - Shot by Chris VandeVelde.
8:54 of 2nd period - Stopped by Alex Stalock without a rebound.
8:55 of 2nd period - Juho Lammikko wins face-off versus Brandon Pirri in SAN JOSE Barracuda zone.
9:11 of 2nd period - Icing by Brandon Pirri.
9:12 of 2nd period - Brandon Pirri wins face-off versus Tomas Nosek in SAN JOSE Barracuda zone.
9:12 of 2nd period - Brandon Pirri is hit by Valentin Zykov.
9:30 of 2nd period - Valentin Zykov is hit by Andrew Mangiapane and loses puck.
9:42 of 2nd period - Minor Penalty to Zach Trotman for Hooking.
9:43 of 2nd period - Drake Caggiula wins face-off versus Oscar Lindberg in SAN JOSE Barracuda zone.
11:45 of 2nd period - Chase Balisy is hit by Andrew Mangiapane and loses puck.
12:02 of 2nd period - Shot by Brandon Pirri.
12:02 of 2nd period - Shot Misses the Net.
12:04 of 2nd period - Shot by Oliver Kylington.
12:04 of 2nd period - Shot Misses the Net.
12:06 of 2nd period - Shot by Oliver Kylington.
12:06 of 2nd period - Shot Misses the Net.
12:08 of 2nd period - Shot by Oliver Kylington.
12:08 of 2nd period - Deflect By Andrew Mangiapane.
12:08 of 2nd period - Shot Misses the Net.
12:10 of 2nd period - Shot by Brandon Pirri.
12:10 of 2nd period - Stopped by Malcolm Subban without a rebound.
12:11 of 2nd period - Danny O'Regan wins face-off versus Juho Lammikko in ONTARIO Reign zone.
12:14 of 2nd period - Shot by Mathieu Joseph.
12:14 of 2nd period - Shot Blocked by Kyle Wood.
12:16 of 2nd period - Shot by Matt Tennyson.
12:16 of 2nd period - Stopped by Malcolm Subban with a rebound.
12:18 of 2nd period - Shot by Danny O'Regan.
12:18 of 2nd period - Shot Misses the Net.
12:37 of 2nd period - Shot by Mathieu Joseph.
12:37 of 2nd period - Stopped by Malcolm Subban with a rebound.
12:39 of 2nd period - Shot by Mathieu Joseph.
12:39 of 2nd period - Shot Blocked by Oscar Lindberg.
12:41 of 2nd period - Shot by Kevin Roy.
12:41 of 2nd period - Shot Misses the Net.
13:15 of 2nd period - Shot by Oliver Kylington.
13:15 of 2nd period - Stopped by Malcolm Subban with a rebound.
13:17 of 2nd period - Shot by Reid Boucher.
13:17 of 2nd period - Shot Misses the Net.
13:37 of 2nd period - Tomas Nosek is hit by Drake Caggiula and loses puck.
13:42 of 2nd period - Shot by Drake Caggiula.
13:42 of 2nd period - Stopped by Malcolm Subban without a rebound.
13:43 of 2nd period - Brandon Pirri wins face-off versus Sam Carrick in ONTARIO Reign zone.
13:46 of 2nd period - Shot by Brandon Pirri.
13:46 of 2nd period - Shot Misses the Net.
14:08 of 2nd period - Shot by Sam Carrick.
14:08 of 2nd period - Shot Blocked by Scott Harrington.
14:10 of 2nd period - Shot by Chase Balisy.
14:10 of 2nd period - Deflect By Sam Carrick.
14:10 of 2nd period - Stopped by Alex Stalock without a rebound.
14:11 of 2nd period - Drake Caggiula wins face-off versus Tomas Nosek in SAN JOSE Barracuda zone.
14:49 of 2nd period - Tomas Nosek is hit by Barclay Goodrow and loses puck.
15:12 of 2nd period - Icing by Zach Trotman.
15:13 of 2nd period - Sam Carrick wins face-off versus Tage Thompson in SAN JOSE Barracuda zone.
15:34 of 2nd period - Shot by Jack Rodewald.
15:34 of 2nd period - Shot Blocked by Oliver Kylington.
15:36 of 2nd period - Shot by Chase Balisy.
15:36 of 2nd period - Stopped by Alex Stalock without a rebound.
15:37 of 2nd period - Andrew Mangiapane wins face-off versus Oscar Lindberg in SAN JOSE Barracuda zone.
15:37 of 2nd period - Andrew Mangiapane is hit by Chris VandeVelde.
16:06 of 2nd period - Scott Harrington is hit by Oscar Lindberg.
16:51 of 2nd period - Jack Rodewald is hit by Matt Tennyson and loses puck.
17:03 of 2nd period - Minor Penalty to Drake Caggiula for Tripping.
17:04 of 2nd period - Tomas Nosek wins face-off versus Reid Boucher in SAN JOSE Barracuda zone.
17:07 of 2nd period - Shot by Valentin Zykov.
17:07 of 2nd period - Stopped by Alex Stalock without a rebound.
17:08 of 2nd period - Reid Boucher wins face-off versus Tomas Nosek in SAN JOSE Barracuda zone.
18:36 of 2nd period - Shot by TJ Brennan.
18:36 of 2nd period - Shot Misses the Net.
18:38 of 2nd period - Shot by Valentin Zykov.
18:38 of 2nd period - Stopped by Alex Stalock without a rebound.
18:39 of 2nd period - Barclay Goodrow wins face-off versus Oscar Lindberg in SAN JOSE Barracuda zone.
19:38 of 2nd period - Shot by Andrew Mangiapane.
19:38 of 2nd period - Shot Misses the Net.
19:40 of 2nd period - Shot by Zach Trotman.
19:40 of 2nd period - Shot Blocked by Brian Lashoff.
19:47 of 2nd period - Icing by Christian Jaros.
19:48 of 2nd period - Sam Carrick wins face-off versus Danny O'Regan in ONTARIO Reign zone.
Goals for this period are 0 for ONTARIO Reign vs 0 for SAN JOSE Barracuda.
Shots for this period are 10 for ONTARIO Reign vs 10 for SAN JOSE Barracuda.

3rd period


0:01 of 3rd period - Oscar Lindberg wins face-off versus Drake Caggiula in neutral zone.
1:26 of 3rd period - Shot by Brandon Pirri.
1:26 of 3rd period - Stopped by Malcolm Subban without a rebound.
1:27 of 3rd period - Sam Carrick wins face-off versus Tage Thompson in ONTARIO Reign zone.
1:52 of 3rd period - Shot by Jack Rodewald.
1:52 of 3rd period - Deflect By Sam Carrick.
1:52 of 3rd period - Shot Misses the Net.
2:25 of 3rd period - Off-side.
2:26 of 3rd period - Juho Lammikko wins face-off versus Danny O'Regan in neutral zone.
2:40 of 3rd period - Off-side.
2:41 of 3rd period - Drake Caggiula wins face-off versus Tomas Nosek in neutral zone.
3:04 of 3rd period - Icing by Drake Caggiula.
3:05 of 3rd period - Drake Caggiula wins face-off versus Oscar Lindberg in SAN JOSE Barracuda zone.
4:01 of 3rd period - Shot by Zach Aston-Reese.
4:01 of 3rd period - Stopped by Malcolm Subban without a rebound.
4:02 of 3rd period - Tage Thompson wins face-off versus Tomas Nosek in ONTARIO Reign zone.
4:05 of 3rd period - Shot by Reid Boucher.
4:05 of 3rd period - Shot Blocked by Brian Lashoff.
4:38 of 3rd period - Tomas Nosek is hit by Zach Trotman and loses puck.
4:55 of 3rd period - Icing by Kerby Rychel.
4:56 of 3rd period - Tage Thompson wins face-off versus Juho Lammikko in SAN JOSE Barracuda zone.
6:13 of 3rd period - Off-side.
6:14 of 3rd period - Danny O'Regan wins face-off versus Tomas Nosek in neutral zone.
6:19 of 3rd period - Shot by Mathieu Joseph.
6:19 of 3rd period - Deflect By Kevin Roy.
6:19 of 3rd period - Shot Misses the Net.
6:21 of 3rd period - Shot by Danny O'Regan.
6:21 of 3rd period - Stopped by Malcolm Subban without a rebound.
6:22 of 3rd period - Danny O'Regan wins face-off versus Oscar Lindberg in ONTARIO Reign zone.
6:25 of 3rd period - Shot by Danny O'Regan.
6:25 of 3rd period - Shot Misses the Net.
6:31 of 3rd period - Shot by Mathieu Joseph.
6:31 of 3rd period - Goal by Mathieu Joseph - ONTARIO Reign : 2 - SAN JOSE Barracuda : 2.
6:32 of 3rd period - Tomas Nosek wins face-off versus Brandon Pirri in neutral zone.
6:56 of 3rd period - Off-side.
6:57 of 3rd period - Evan Rodrigues wins face-off versus Nic Petan in neutral zone.
7:19 of 3rd period - Shot by Barclay Goodrow.
7:19 of 3rd period - Stopped by Malcolm Subban with a rebound.
7:29 of 3rd period - Shot by Nic Petan.
7:29 of 3rd period - Shot Blocked by Adam Pelech.
7:40 of 3rd period - Icing by Rasmus Andersson.
7:41 of 3rd period - Oscar Lindberg wins face-off versus Brandon Pirri in ONTARIO Reign zone.
7:41 of 3rd period - Chris VandeVelde is hit by Andrew Mangiapane and loses puck.
8:21 of 3rd period - Tomas Nosek is hit by Christian Djoos and loses puck.
8:22 of 3rd period - Minor Penalty to Christian Djoos for High sticking.
8:23 of 3rd period - Drake Caggiula wins face-off versus Tomas Nosek in SAN JOSE Barracuda zone.
9:05 of 3rd period - Shot by Nic Petan.
9:05 of 3rd period - Stopped by Alex Stalock without a rebound.
9:06 of 3rd period - Evan Rodrigues wins face-off versus Oscar Lindberg in SAN JOSE Barracuda zone.
10:15 of 3rd period - Icing by Tomas Nosek.
10:16 of 3rd period - Tomas Nosek wins face-off versus Drake Caggiula in ONTARIO Reign zone.
10:16 of 3rd period - Tomas Nosek is hit by Evan Rodrigues.
11:02 of 3rd period - Shot by Reid Boucher.
11:02 of 3rd period - Shot Misses the Net.
11:04 of 3rd period - Shot by Zach Trotman.
11:04 of 3rd period - Shot Misses the Net.
11:19 of 3rd period - Shot by Tage Thompson.
11:19 of 3rd period - Shot Misses the Net.
11:21 of 3rd period - Shot by Tage Thompson.
11:21 of 3rd period - Shot Blocked by Brian Lashoff.
11:27 of 3rd period - Shot by Tage Thompson.
11:27 of 3rd period - Shot Misses the Net.
11:44 of 3rd period - Christian Djoos is hit by Kyle Wood and loses puck.
11:52 of 3rd period - Icing by Kyle Wood.
11:53 of 3rd period - Alexander Nylander wins face-off versus Drake Caggiula in ONTARIO Reign zone.
13:32 of 3rd period - Shot by Reid Boucher.
13:32 of 3rd period - Stopped by Malcolm Subban without a rebound.
13:33 of 3rd period - Oscar Lindberg wins face-off versus Drake Caggiula in ONTARIO Reign zone.
13:35 of 3rd period - Icing by Chris VandeVelde.
13:36 of 3rd period - Drake Caggiula wins face-off versus Oscar Lindberg in ONTARIO Reign zone.
14:45 of 3rd period - Shot by Valentin Zykov.
14:45 of 3rd period - Deflect By Tomas Nosek.
14:45 of 3rd period - Shot Misses the Net.
15:23 of 3rd period - Shot by Sam Carrick.
15:23 of 3rd period - Shot Blocked by Matt Tennyson.
15:25 of 3rd period - Shot by Chase Balisy.
15:25 of 3rd period - Shot Blocked by Reid Boucher.
15:36 of 3rd period - Shot by Sam Carrick.
15:36 of 3rd period - Stopped by Alex Stalock without a rebound.
15:37 of 3rd period - Juho Lammikko wins face-off versus Drake Caggiula in SAN JOSE Barracuda zone.
16:46 of 3rd period - Shot by Andrew Mangiapane.
16:46 of 3rd period - Stopped by Malcolm Subban without a rebound.
16:47 of 3rd period - Mathieu Joseph wins face-off versus Oscar Lindberg in ONTARIO Reign zone.
17:05 of 3rd period - Shot by Danny O'Regan.
17:05 of 3rd period - Stopped by Malcolm Subban without a rebound.
17:06 of 3rd period - Tomas Nosek wins face-off versus Brandon Pirri in ONTARIO Reign zone.
17:15 of 3rd period - Shot by Valentin Zykov.
17:15 of 3rd period - Shot Misses the Net.
17:17 of 3rd period - Shot by Marcus Pettersson.
17:17 of 3rd period - Shot Misses the Net.
17:19 of 3rd period - Shot by Chris Kelly.
17:19 of 3rd period - Shot Misses the Net.
18:11 of 3rd period - Minor Penalty to Matt Tennyson for Roughing.
18:12 of 3rd period - Drake Caggiula wins face-off versus Tomas Nosek in SAN JOSE Barracuda zone.
18:12 of 3rd period - Drake Caggiula is hit by Tomas Nosek.
18:28 of 3rd period - Shot by Tomas Nosek.
18:28 of 3rd period - Shot Blocked by Oliver Kylington.
18:36 of 3rd period - Shot by Tomas Nosek.
18:36 of 3rd period - Shot Misses the Net.
18:38 of 3rd period - Shot by Marcus Pettersson.
18:38 of 3rd period - Stopped by Alex Stalock with a rebound.
19:31 of 3rd period - Shot by Tomas Nosek.
19:31 of 3rd period - Stopped by Alex Stalock without a rebound.
19:32 of 3rd period - Drake Caggiula wins face-off versus Oscar Lindberg in SAN JOSE Barracuda zone.
19:46 of 3rd period - Oscar Lindberg is hit by Drake Caggiula.
19:58 of 3rd period - Shot by Nic Petan.
19:58 of 3rd period - Shot Misses the Net.
Goals for this period are 0 for ONTARIO Reign vs 1 for SAN JOSE Barracuda.
Shots for this period are 4 for ONTARIO Reign vs 8 for SAN JOSE Barracuda.

Overtime #1


0:01 of 1st overtime period - Drake Caggiula wins face-off versus Oscar Lindberg in neutral zone.
2:07 of 1st overtime period - Sam Carrick is hit by Matt Tennyson and loses puck.
3:14 of 1st overtime period - Shot by Evan Rodrigues.
3:14 of 1st overtime period - Stopped by Malcolm Subban with a rebound.
3:24 of 1st overtime period - Shot by Evan Rodrigues.
3:24 of 1st overtime period - Shot Misses the Net.
3:26 of 1st overtime period - Shot by Evan Rodrigues.
3:26 of 1st overtime period - Shot Blocked by Marcus Pettersson.
3:28 of 1st overtime period - Shot by Evan Rodrigues.
3:28 of 1st overtime period - Stopped by Malcolm Subban without a rebound.
3:29 of 1st overtime period - Nic Petan wins face-off versus Drake Caggiula in ONTARIO Reign zone.
3:33 of 1st overtime period - Off-side.
3:34 of 1st overtime period - Nic Petan wins face-off versus Drake Caggiula in neutral zone.
3:57 of 1st overtime period - Shot by Drake Caggiula.
3:57 of 1st overtime period - Shot Misses the Net.
3:59 of 1st overtime period - Shot by Adam Pelech.
3:59 of 1st overtime period - Shot Misses the Net.
4:15 of 1st overtime period - Minor Penalty to Zach Trotman for Hooking.
4:16 of 1st overtime period - Drake Caggiula wins face-off versus Sam Carrick in SAN JOSE Barracuda zone.
4:26 of 1st overtime period - Off-side.
4:27 of 1st overtime period - Drake Caggiula wins face-off versus Oscar Lindberg in neutral zone.
4:46 of 1st overtime period - Shot by Sam Carrick.
4:46 of 1st overtime period - Shot Misses the Net.
Goals for this period are 0 for ONTARIO Reign vs 0 for SAN JOSE Barracuda.
Shots for this period are 0 for ONTARIO Reign vs 2 for SAN JOSE Barracuda.

ShootOut


5:00 of 1st overtime period - Round #1.
5:00 of 1st overtime period - ONTARIO Reign, Oscar Lindberg.
5:00 of 1st overtime period - Shot Misses the Net.
5:00 of 1st overtime period - SAN JOSE Barracuda, Drake Caggiula.
5:00 of 1st overtime period - Stopped by Malcolm Subban.
5:00 of 1st overtime period - Round #2.
5:00 of 1st overtime period - ONTARIO Reign, Tomas Nosek.
5:00 of 1st overtime period - Stopped by Alex Stalock.
5:00 of 1st overtime period - SAN JOSE Barracuda, Evan Rodrigues.
5:00 of 1st overtime period - Stopped by Malcolm Subban.
5:00 of 1st overtime period - Round #3.
5:00 of 1st overtime period - ONTARIO Reign, Nic Petan.
5:00 of 1st overtime period - Stopped by Alex Stalock.
5:00 of 1st overtime period - SAN JOSE Barracuda, Barclay Goodrow.
5:00 of 1st overtime period - Goal by Barclay Goodrow.